 Dungeon Crawl Stone Soup version 0.27.0-1-g7a089689b8 (webtiles) character file.

Game seed: 11080229682095699426

98 wakim the Ruffian (level 4, 0/33 (42) HPs)
             Began as a Troll Gladiator on Aug 8, 2021.
             Killed by divine providence
             ... invoked by an orc priest
              (12 damage)
             ... on level 3 of the Dungeon.
             The game lasted 00:05:26 (1318 turns).

wakim the Ruffian (Troll Gladiator)                 Turns: 1318, Time: 00:05:26

HP:   0/33 (42)     AC:  4    Str: 22    XL:     4   Next: 43%
MP:   3/3           EV: 10    Int:  5    God:
Gold: 62            SH:  0    Dex: 11    Spells: 3/3 levels left

rFire    . . .     SeeInvis .     - Unarmed
rCold    . . .     Faith    .   (no shield)
rNeg     . . .     Spirit   .   a - +0 robe
rPois    .         Reflect  .   f - +0 hat
rElec    .         Harm     .   (no cloak)
rCorr    .         Rampage  .   (gloves unavailable)
Will     .....                  (boots unavailable)
Stlth    +.........             (no amulet)
HPRegen  1.11/turn              (no ring)
MPRegen  0.08/turn              (no ring)

@: heavily drained
A: large, unfitting armour, claws 3, regeneration 1, shaggy fur 1, tough skin 1
a: no special abilities


You were on level 3 of the Dungeon.
You visited 1 branch of the dungeon, and saw 3 of its levels.

You collected 62 gold pieces.

Inventory:

Hand Weapons
 b - a +1 shortbow of flaming
Missiles
 c - 3 throwing nets (quivered) {=f!f}
 h - 17 arrows
Armour
 a - a +0 robe (worn)
 f - a +0 hat (worn)
Potions
 d - a potion of cancellation {unknown}
 g - a potion of mutation {unknown}


   Skills:
 + Level 2.0 Fighting
 + Level 2.3 Throwing
 * Level 3.2 Dodging
 * Level 3.8 Unarmed Combat


You had 3 spell levels left.
You didn't know any spells.
Your spell library contained the following spells:

 Spells                   Type           Power      Damage    Failure   Level
 Tukima's Dance           Hex            0%         N/A       85%         3
 Passage of Golubria      Tloc           N/A        N/A       99%         4
 Yara's Violent Unravell  Hex/Tmut       0%         3d3       100%        5


Dungeon Overview and Level Annotations

Branches:
Dungeon (3/15)

Altars:


Innate Abilities, Weirdness & Mutations

You are too large for most types of armour.
You have claws for hands.
Your natural rate of healing is unusually fast.
You are covered in fur. (AC +1)
You have tough skin. (AC +1)


Message History

You scratch the orc but do no damage.
The orc is lightly wounded.
The orc hits you with a +0 hand axe.
The orc priest invokes the aid of Beogh against you.
Beogh smites you!
You claw the orc!
You kill the orc!
The orc priest misses you.
You see here a +0 hand axe.
You barely miss the orc priest.
The orc priest hits you with a +0 short sword of draining!
You feel drained.
You barely miss the orc priest.
The orc priest hits you with a +0 short sword of draining.
* * * LOW HITPOINT WARNING * * *
You feel drained.
* * * LOW HITPOINT WARNING * * *
You closely miss the orc priest.
The orc priest hits you but does no damage.
You feel drained.
You scratch the orc priest.
The orc priest is lightly wounded.
The orc priest hits you with a +0 short sword of draining.
* * * LOW HITPOINT WARNING * * *
You feel drained.
You scratch the orc priest but do no damage.
Your claw misses the orc priest.
The orc priest is lightly wounded.
The orc priest hits you with a +0 short sword of draining.
* * * LOW HITPOINT WARNING * * *
You feel drained.
* * * LOW HITPOINT WARNING * * *
The orc shouts!
You claw the orc priest!
The orc priest is severely wounded.
You barely miss the orc. You claw the orc.
The orc is heavily wounded.
The orc priest mumbles some strange prayers to Beogh against you.
Beogh smites you!
You die...

#.# #.# #.#
#.###########
#...........#
###########.#
#...# #.### #@#
#o# #.#
o...o..o.......
o..##.#.###.###
#.#.# . #.# ##
#.# #.#


You could see an orc priest and an orc.

Vanquished Creatures
  Robin (D:2)
  3 adders (D:2)
  A worm (D:1)
  A dart slug (D:1)
  An orc (D:3)
  4 endoplasms
  2 giant cockroaches (D:1)
  7 hobgoblins
  2 jackals (D:1)
  3 kobolds
  2 quokkas
  6 ball pythons
  3 bats
  3 frilled lizards
  11 goblins
  4 rats
54 creatures vanquished.

Notes
Turn   | Place    | Note
-------+----------+-------------------------------------------
     0 | D:1      | wakim the Troll Gladiator began the quest for the Orb.
     0 | D:1      | Reached XP level 1. HP: 19/19 MP: 0/0
   380 | D:1      | Reached XP level 2. HP: 28/28 MP: 1/1
   417 | D:1      | Found a faded altar of an unknown god.
   659 | D:1      | Reached XP level 3. HP: 35/35 MP: 2/2
   914 | D:2      | Reached XP level 4. HP: 38/42 MP: 3/3
   917 | D:2      | Noticed Robin
   951 | D:2      | Killed Robin
  1318 | D:3      | Killed from afar by an orc priest

Illustrated notes

Levels and vault maps discovered:
D:1:      scummos_arrival_hexagon, layout_loops_ring,
          ebering_ecumenical_altar_rust, minmay_hedge_maze,
          chequers_serial_rivers_large_b
D:2:      layout_rooms, uniq_robin
D:3:      layout_basic, minmay_divided_ellipse

Skill      XL: |  1  2  3 |
---------------+----------+-----
Throwing       | 2 |  2.3
Dodging        | 3 |  3.2
Fighting       | 2 |  2.0
Unarmed Combat | |  3.8

Action                   |  1- 3 |  4- 6 || total
-------------------------+-------+-------++-------
Melee: Unarmed           |   119 |    55 ||   174
       Punch             |     2 |     1 ||     3
  Use: Scroll            |     2 |     2 ||     4
 Stab: Sleeping          |     1 |       ||     1
Armor: Robe              |    40 |    11 ||    51
Dodge: Dodged            |    52 |    23 ||    75
